 Dungeon Crawl Stone Soup version 0.29-a0-582-ge82337ba6a (webtiles) character file.

Game seed: 6741624165246541668

70 bande the Covered (level 4, -2/28 HPs)
             Began as a Gargoyle Fighter on June 14, 2022.
             Slain by Eustachio
             ... wielding a +3 rapier of speed
              (3 damage)
             ... on level 4 of the Dungeon.
             The game lasted 00:03:17 (2856 turns).

bande the Covered (Gargoyle Fighter)                Turns: 2856, Time: 00:03:18

Health: -2/28      AC: 10    Str: 20      XL:     4   Next: 21%
Magic:  4/4        EV:  9    Int:  8      God:
Gold:   249        SH:  4    Dex:  9 (11) Spells: 3/3 levels left

rFire   + . .      SeeInvis .   a - +0 war axe (venom)
rCold   + . .      Faith    .   c - +0 buckler
rNeg    + . .      Spirit   .   b - +0 scale mail
rPois   ∞          Reflect  .   (no helmet)
rElec   +          Harm     .   j - scarf {rC+ rF+}
rCorr   .          Rampage  .   (no gloves)
Will    .....                   (no boots)
Stlth   ..........              (no amulet)
HPRegen 0.09/turn               (no ring)
MPRegen 0.09/turn               (no ring)

@: about to teleport
A: sickness immunity, AC +3, negative energy resistance 1, electricity
resistance, torment resistance 1, petrification resistance
a: no special abilities


You were on level 4 of the Dungeon.
You visited 1 branch of the dungeon, and saw 4 of its levels.

You collected 249 gold pieces.

Inventory:

Hand Weapons
 a - a +0 war axe of venom (weapon)
Missiles
 i - a throwing net (quivered)
Armour
 b - a +0 scale mail (worn)
 c - a +0 buckler (worn)
 f - a +0 cloak
 j - a scarf of resistance (worn)
Jewellery
 m - a ring of fire
Scrolls
 e - a scroll of teleportation
 k - a scroll of fog {unknown}
 l - a scroll of blinking
 n - a scroll of noise {unknown}
Potions
 d - 2 potions of might
 g - a potion of flight {unknown}
 h - 2 potions of curing


   Skills:
 + Level 3.6 Fighting
 + Level 2.8 Axes
 + Level 4.0 Armour
 + Level 3.8 Shields


You had 3 spell levels left.
You didn't know any spells.
Your spell library contained the following spells:

 Spells                   Type           Power      Damage    Failure   Level
 Dazzling Flash           Conj/Hex       0%         N/A       99%         3
 Iskenderun's Mystic Bla  Conj/Tloc      0%         2d3       100%        4
 Starburst                Conj/Fire      0%         6d3       100%        6


Dungeon Overview and Level Annotations

Branches:
Dungeon (4/15)
 Temple: D:4-7

Altars:
Trog

Annotations:
D:4 Edmund, Eustachio


Innate Abilities, Weirdness & Mutations

You are immune to sickness and miasma.
Your stone body is resilient. (AC +3)
You are immune to poison.
You resist negative energy. (rN+)
You are resistant to electric shocks. (rElec)
You are resistant to unholy torment.
You are immune to petrification.


Message History

The orc hits you but does no damage.
The quasit bites you but does no damage.
The quasit claws you but does no damage. x2
You slash the orc!
You kill the orc!
You closely miss the bat. You miss the quasit.
The bat hits you but does no damage.
Eustachio mumbles some strange words.
The quasit bites you but does no damage.
The quasit barely misses you.
The quasit claws you but does no damage.
You block the quasit's attack.
The quasit claws you but does no damage.
You block the quasit's attack. The goblin barely misses you.
As you read the scroll of teleportation, it crumbles to dust.
You feel strangely unstable.
The white imp disappears in a puff of smoke!
The quasit disappears in a puff of smoke!
The bat hits you but does no damage.
Eustachio gestures wildly while chanting.
Eustachio mumbles some strange words.
Eustachio blinks!
Edmund the Younger comes into view.
He is wielding a +2 dire flail of draining.
The goblin completely misses you.
The crimson imp blinks!
The bat barely misses you.
The ufetubus hits you but does no damage.
The ufetubus barely misses you. You block the bat's attack.
Eustachio hits you with a +3 rapier of speed.
* * * LOW HITPOINT WARNING * * *
Eustachio barely misses you.
The ufetubus hits you but does no damage. x2
You barely miss Eustachio. You hit the shadow imp.
The shadow imp is poisoned.
You closely miss the ufetubus. You barely miss the goblin.
The bat hits you but does no damage.
Eustachio hits you with a +3 rapier of speed.
* * * LOW HITPOINT WARNING * * *
The bat closely misses you. The ufetubus misses you.
The ufetubus hits you but does no damage.
Eustachio hits you with a +3 rapier of speed.
You die...

#@..........
#.......)..
#..#######g ##.#
####### #o## #.....#
#..# #.....# ##)#
#.....# #g## #.....#
###@@#
#.....########.55b#
#..>........##..b.# #
#.......###.##....##.#
#.......<...##.......#
#####.########...<.#.#
#.......####.....#
#####........##.##
#.....#### ..#


You could see Eustachio (fast), a shadow imp (summoned, very poisoned), an orc,
an ufetubus (summoned), a goblin and 2 bats.

Vanquished Creatures
  2 adders (D:2)
  A dart slug (D:1)
  2 orcs (D:4)
  8 endoplasms
  2 giant cockroaches
  2 goblins (D:2)
  2 hobgoblins
  2 jackals (D:4)
  4 kobolds
  6 ball pythons
  9 bats
  6 rats
46 creatures vanquished.

Notes
Turn   | Place    | Note
-------+----------+-------------------------------------------
     0 | D:1      | bande the Gargoyle Fighter began the quest for the Orb.
     0 | D:1      | Reached XP level 1. HP: 14/14 MP: 1/1
    26 | D:1      | You fall into a shaft and drop 1 floor!
   307 | D:1      | Reached XP level 2. HP: 19/19 MP: 2/2
   324 | D:1      | Found a faded altar of an unknown god.
  1189 | D:2      | Reached XP level 3. HP: 23/23 MP: 3/3
  1762 | D:2      | Found a bloodstained altar of Trog.
  2290 | D:3      | Reached XP level 4. HP: 27/28 MP: 4/4
  2827 | D:4      | Noticed Eustachio
  2837 | D:4      | Reached skill level 4 in Armour
  2854 | D:4      | Noticed Edmund
  2856 | D:4      | HP: 1/28 [Eustachio/+3 rapier of speed (6)]
  2856 | D:4      | Slain by Eustachio

Illustrated notes

Levels and vault maps discovered:
D:1:      nicolae_arrival_somewhat_less_tricky_arrival, layout_basic,
          hellmonk_ecumenical_altar_inner_sanctum
D:2:      layout_loops_corners, basic_altar
D:3:      layout_loops_ring
D:4:      layout_basic, uniq_natasha, uniq_eustachio, uniq_edmund

Skill      XL: |  1  2  3  4 |
---------------+-------------+-----
Axes           | 2 |  2.8
Armour         | 4 |  4.0
Fighting       | |  3.6
Shields        | |  3.8

Action                   |  1- 3 |  4- 6 || total
-------------------------+-------+-------++-------
Melee: War axe           |    84 |    31 ||   115
  Use: Scroll            |     5 |     1 ||     6
Armor: Scale mail        |    42 |    53 ||    95
Dodge: Dodged            |    43 |    37 ||    80
Block: Buckler           |    27 |    20 ||    47

Table legend: (Time is in decaauts)
 A = Elapsed time spent in this place.
 B = Non-inter-level travel time spent in this place.
 C = Inter-level travel time spent in this place.
 D = Time resting spent in this place.
 E = Time spent auto-exploring this place.
 F = Levels seen in this place.
 G = Mean time per level.
                   A        B        C        D        E       F      G
               +--------+--------+--------+--------+--------+-----+--------+
         Total |   2902 |   2826 |     76 |      0 |   2395 |   4 |  725.5 |
       Dungeon |   2902 |   2826 |     76 |      0 |   2395 |   4 |  725.5 |
               +--------+--------+--------+--------+--------+-----+--------+

Top non-repeatable levels by time:
     D:1: 1097 daAuts
     D:2: 990 daAuts
     D:3: 712 daAuts
     D:4: 101 daAuts
